Little Stars vs Rampage
(R2)
Created - May 21, 2021 at 19:47
Goals
|
| Little Stars |
2 |
1 |
2 |
5 |
| Rampage |
3 |
3 |
1 |
7 |
|
Shots
|
| Little Stars |
8 |
16 |
9 |
33 |
| Rampage |
12 |
12 |
12 |
36 |
|
1st period
1. Little Stars , Daniel O'regan 3 (Ilya Mikheyev 5) at 8:19
2. Rampage , Alexandre Grenier 2 (Blake Pietila 3, Martin Hanzal 9) at 9:10
3. Rampage , Jamie Oleksiak 2 (Alexandre Grenier 6, Martin Hanzal 10) at 9:22 (PP)
4. Little Stars , Jesse Joensuu 4 (Dana Tyrell 4) at 14:04
5. Rampage , Blake Pietila 8 (Alexandre Grenier 7) at 19:54
Penalties :
Jamie Oleksiak (San) for Tripping (Minor) at 4:27, Patrick Wiercioch (Tex) for Roughing (Minor) at 9:13, Blake Pietila (San) for Hooking (Minor) at 10:23, Jesse Joensuu (Tex) for Tripping (Minor) at 14:32
2nd period
6. Rampage , Max Friberg 5 (Kyle Rau 5, Damon Severson 2) at 1:27
7. Little Stars , Dana Tyrell 6 (Tyler Wotherspoon 6) at 11:56 (PP)
8. Rampage , Victor Olofsson 2 (Damon Severson 3, Martin Hanzal 11) at 17:18
9. Rampage , Kyle Rau 3 (Joe Morrow 5, Max Friberg 4) at 19:57
Penalties :
Alexandre Grenier (San) for Hooking (Minor) at 3:38, Thomas Spelling (San) for Tripping (Minor) at 11:32, Martin Hanzal (San) for Tripping (Minor) at 11:50
3rd period
10. Little Stars , Joakim Nygard 1 (Eric Knodel 2, Roman Horak 2) at 2:09
11. Rampage , Nolan Vesey 1 (Thomas Spelling 4, Jamie Oleksiak 1) at 8:22
12. Little Stars , Ilya Mikheyev 5 (Daniel O'regan 3) at 17:01
Penalties :
Blake Pietila (San) for Slashing (Minor) at 2:28, Jesse Joensuu (Tex) for Hooking (Minor) at 8:37, Max Friberg (San) for Interference (Minor) at 13:14
Goalie Stats
Connor Knapp (Tex), 11 saves from 15 shots - (0.733), 21:27 minutes
Dustin Tokarski (Tex), 18 saves from 21 shots - (0.857), L, 1-2-0, 38:33 minutes
Laurent Brossoit (San), 28 saves from 33 shots - (0.848), W, 4-2-0, 60:00 minutes
Players Stats for Little Stars
Player Name G A P +/- PIM S H SB GA TA FO MP PP MP PK MP
------------------------------------------------------------------------------------
Adam Tambellini 0 0 0 -1 0 2 1 0 0 1 1/1 18:59 5:27 0:00
Anton Cederholm 0 0 0 0 0 0 0 1 0 0 0/0 21:28 5:32 1:43
Dana Tyrell 1 1 2 -1 0 5 1 0 2 0 15/30 21:52 6:05 2:28
Daniel O'regan 1 1 2 -1 0 2 0 0 1 0 8/18 21:11 5:27 1:37
Eric Knodel 0 1 1 0 0 0 3 0 0 1 0/0 21:19 5:32 1:34
Evgeny Kuznetsov 0 0 0 -1 0 4 0 1 1 0 1/3 23:25 6:05 0:16
Ilya Mikheyev 1 1 2 -1 0 4 2 0 1 0 0/0 19:14 5:36 0:00
Jesse Joensuu 1 0 1 -1 4 2 4 0 0 0 0/1 19:32 6:01 0:09
Joakim Nygard 1 0 1 0 0 4 0 0 0 0 0/0 13:59 0:52 1:46
Michael Mersch 0 0 0 0 0 1 1 1 0 1 1/1 7:16 0:40 0:36
Patrick Wiercioch 0 0 0 -1 2 1 1 2 0 0 0/0 26:37 6:40 2:24
Reece Willcox 0 0 0 -1 0 0 0 0 0 0 0/0 11:54 0:00 0:00
Roman Horak 0 1 1 0 0 3 2 0 0 0 6/13 12:55 0:00 1:06
Scott Kosmachuck 0 0 0 0 0 0 0 0 0 0 0/0 0:16 0:00 0:16
Sebastian Wannstrom 0 0 0 0 0 0 0 0 0 0 0/0 10:54 0:00 0:00
Tucker Poolman 0 0 0 -1 0 2 1 0 0 1 0/0 11:54 0:00 0:00
Tyler Wotherspoon 0 1 1 -1 0 3 0 1 0 3 0/0 26:47 6:40 2:33
Zach Budish 0 0 0 0 0 0 0 0 0 0 0/0 6:18 0:23 0:00
Players Stats for Rampage
Player Name G A P +/- PIM S H SB GA TA FO MP PP MP PK MP
------------------------------------------------------------------------------------
Alexandre Grenier 1 2 3 2 2 3 0 1 0 1 0/0 18:46 2:10 2:39
Anton Karlsson 0 0 0 0 0 0 0 0 0 0 0/0 0:13 0:00 0:00
Anton Lindholm 0 0 0 -2 0 2 0 1 0 0 0/0 11:37 0:00 0:00
Austin Wuthrich 0 0 0 0 0 0 0 0 0 0 0/0 0:13 0:00 0:00
Blake Pietila 1 1 2 2 4 5 1 0 1 0 1/3 20:49 2:10 4:35
Cameron Darcy 0 0 0 -1 0 1 1 0 0 0 2/10 10:31 0:00 0:00
Damon Severson 0 2 2 4 0 2 1 3 1 0 0/0 28:01 2:24 7:09
Dylan Sadowy 0 0 0 0 0 0 0 0 0 0 0/0 0:00 0:00 0:00
Eric Robinson 0 0 0 1 0 0 1 0 1 0 0/0 7:06 0:00 0:32
Fredrik Olofsson 0 0 0 0 0 0 0 0 0 0 0/0 0:00 0:00 0:00
Jakub Zboril 0 0 0 -2 0 0 1 1 0 0 0/0 12:56 0:00 1:09
Jamie Oleksiak 1 1 2 4 2 2 1 2 1 2 0/0 26:57 2:24 5:56
Joe Morrow 0 1 1 0 0 3 0 2 0 0 0/0 20:16 1:43 5:07
Kevin Stenlund 0 0 0 0 0 0 0 0 0 0 0/0 0:00 0:00 0:00
Kyle Rau 1 1 2 0 0 2 0 0 1 0 10/14 16:21 1:57 1:58
Lawson Crouse 0 0 0 0 0 1 1 0 0 0 0/0 16:53 1:57 2:37
Martin Hanzal 0 3 3 2 2 4 1 0 0 0 14/29 21:08 2:10 5:13
Matthew Highmore 0 0 0 1 0 0 0 0 0 0 5/6 6:26 0:00 0:00
Max Friberg 1 1 2 0 2 3 1 0 1 0 0/0 17:03 1:57 2:36
Michael Stone 0 0 0 0 0 1 1 0 0 1 0/0 20:22 1:43 5:03
Nolan Vesey 1 0 1 -1 0 2 3 0 0 0 0/1 10:31 0:00 0:00
Thomas Spelling 0 1 1 -1 2 4 0 0 1 1 0/0 10:30 0:00 0:00
Vaclav Karabacek 0 0 0 0 0 0 1 0 0 0 3/4 4:30 0:00 4:07
Victor Olofsson 1 0 1 1 0 1 0 0 0 0 0/0 6:26 0:00 0:00
Zachary Senyshyn 0 0 0 0 0 0 0 0 0 0 0/0 0:00 0:00 0:00
3 Stars
1 - Jamie Oleksiak (San)
2 - Damon Severson (San)
3 - Alexandre Grenier (San)
Power Play
Little Stars - 1 on 7 Attempt(s) - 14.29%
Rampage - 1 on 3 Attempt(s) - 33.33%
Penalty Kill
Little Stars - 2 on 3 Attempt(s) - 66.67%
- Score 0 goal in Penalty Kill
Rampage - 6 on 7 Attempt(s) - 85.71%
- Score 0 goal in Penalty Kill
Team Stat
Little Stars - Hits : 16 - Faceoff Wins : 32 - Blocked Shots : 6 - Penalty Minutes : 6
Rampage - Hits : 14 - Faceoff Wins : 35 - Blocked Shots : 10 - Penalty Minutes : 14
Official
Referees : Unknown
Linesman : Unknown
Game Notes
Dustin Tokarski enters game at 1:27 of 2nd period
Finance
Level 1 -- Attendance: 1548 (77.40%) -- Ticket Income $61,920
Level 2 -- Attendance: 782 (78.20%) -- Ticket Income $15,640
Total Attendance: 2330 (77.67%)
Total Ticket Income: $77,560
Other Income: $3,878
Total Income: $81,438
Little Stars
5 vs 5 Forward
Center Left Wing Right Wing Time % Phy DF OF
1 Dana Tyrell Jesse Joensuu Evgeny Kuznetsov 40 1 2 2
2 Daniel O'regan Adam Tambellini Ilya Mikheyev 30 1 2 2
3 Roman Horak Joakim Nygard Sebastian Wannstrom 20 1 2 2
4 Evgeny Kuznetsov Michael Mersch Zach Budish 10 1 2 2
5 vs 5 Defense
Defense Defense Time % Phy DF OF
1 Tyler Wotherspoon Patrick Wiercioch 40 1 2 2
2 Anton Cederholm Eric Knodel 30 1 2 2
3 Tucker Poolman Reece Willcox 20 1 2 2
4 Tyler Wotherspoon Patrick Wiercioch 10 1 2 2
PowerPlay Forward
Center Left Wing Right Wing Time % Phy DF OF
1 Dana Tyrell Jesse Joensuu Evgeny Kuznetsov 60 0 1 4
2 Daniel O'regan Adam Tambellini Ilya Mikheyev 40 0 2 3
PowerPlay Defense
Defense Defense Time % Phy DF OF
1 Tyler Wotherspoon Patrick Wiercioch 60 0 1 4
2 Anton Cederholm Eric Knodel 40 0 1 4
Penalty Kill 4 Players Forward
Center Wing Time % Phy DF OF
1 Dana Tyrell Jesse Joensuu 60 0 3 2
2 Evgeny Kuznetsov Scott Kosmachuck 40 0 3 2
Penalty Kill 4 Players Defense
Defense Defense Time % Phy DF OF
1 Tyler Wotherspoon Patrick Wiercioch 60 0 3 2
2 Anton Cederholm Eric Knodel 40 0 3 2
Penalty Kill - 3 Players Forward
Forward Time % Phy DF OF
1 Dana Tyrell 60 0 3 2
2 Evgeny Kuznetsov 40 0 3 2
Penalty Kill - 3 Players Defense
Defense Defense Time % Phy DF OF
1 Tyler Wotherspoon Patrick Wiercioch 60 0 3 2
2 Anton Cederholm Eric Knodel 40 0 3 2
4 vs 4 Forward
Center Wing Time % Phy DF OF
1 Dana Tyrell Jesse Joensuu 60 0 2 3
2 Evgeny Kuznetsov Scott Kosmachuck 40 0 2 3
4 vs 4 Defense
Defense Defense Time % Phy DF OF
1 Tyler Wotherspoon Patrick Wiercioch 60 0 2 3
2 Anton Cederholm Eric Knodel 40 0 2 3
Last Minutes Offensive
Center Left Wing Right Wing Defense Defense
Dana Tyrell Jesse Joensuu Scott Kosmachuck Tyler Wotherspoon Patrick Wiercioch
Last Minutes Defensive
Center Left Wing Right Wing Defense Defense
Dana Tyrell Jesse Joensuu Scott Kosmachuck Tyler Wotherspoon Patrick Wiercioch
Goaltenders
Starting : Connor Knapp
Backup : Dustin Tokarski
Extra Forwards
Normal : Evgeny Kuznetsov, Adam Tambellini, Daniel O'regan - PP : Joakim Nygard, Michael Mersch - PK : Daniel O'regan
Extra Defensemen
Normal : Tucker Poolman, Anton Cederholm, Eric Knodel - PP : Tucker Poolman - PK : Anton Cederholm, Eric Knodel
Penalty Shots
Dana Tyrell, Evgeny Kuznetsov, Jesse Joensuu, Scott Kosmachuck, Adam Tambellini
Scratches
Lawrence Pilut (Healthy), Justin Auger (Healthy), Rudolfs Balcers (Healthy), Yakov Trenin (Healthy), Jean-Christophe Beaudin (Healthy)
Ville Pokka (Healthy), Daniil Tarasov (Healthy), Jason Dickinson (Healthy), Emile Poirier (Healthy), Shane Gersich (Healthy)
Radel Fazleev (Healthy), Julien Nantel (Healthy), Peter Delmas (Healthy)
Rampage
5 vs 5 Forward
Center Left Wing Right Wing Time % Phy DF OF
1 Martin Hanzal Blake Pietila Alexandre Grenier 40 1 2 2
2 Kyle Rau Lawson Crouse Max Friberg 30 1 2 2
3 Cameron Darcy Nolan Vesey Thomas Spelling 20 1 2 2
4 Matthew Highmore Eric Robinson Victor Olofsson 10 1 2 2
5 vs 5 Defense
Defense Defense Time % Phy DF OF
1 Jamie Oleksiak Damon Severson 40 1 2 2
2 Michael Stone Joe Morrow 30 1 2 2
3 Anton Lindholm Jakub Zboril 20 1 2 2
4 Jamie Oleksiak Damon Severson 10 1 2 2
PowerPlay Forward
Center Left Wing Right Wing Time % Phy DF OF
1 Martin Hanzal Blake Pietila Alexandre Grenier 60 1 2 2
2 Kyle Rau Lawson Crouse Max Friberg 40 1 2 2
PowerPlay Defense
Defense Defense Time % Phy DF OF
1 Jamie Oleksiak Damon Severson 60 1 2 2
2 Michael Stone Joe Morrow 40 1 2 2
Penalty Kill 4 Players Forward
Center Wing Time % Phy DF OF
1 Martin Hanzal Blake Pietila 60 1 2 2
2 Alexandre Grenier Max Friberg 40 1 2 2
Penalty Kill 4 Players Defense
Defense Defense Time % Phy DF OF
1 Jamie Oleksiak Damon Severson 60 1 2 2
2 Michael Stone Joe Morrow 40 1 2 2
Penalty Kill - 3 Players Forward
Forward Time % Phy DF OF
1 Martin Hanzal 60 1 2 2
2 Blake Pietila 40 1 2 2
Penalty Kill - 3 Players Defense
Defense Defense Time % Phy DF OF
1 Jamie Oleksiak Damon Severson 60 1 2 2
2 Michael Stone Joe Morrow 40 1 2 2
4 vs 4 Forward
Center Wing Time % Phy DF OF
1 Martin Hanzal Blake Pietila 60 1 2 2
2 Alexandre Grenier Max Friberg 40 1 2 2
4 vs 4 Defense
Defense Defense Time % Phy DF OF
1 Jamie Oleksiak Damon Severson 60 1 2 2
2 Michael Stone Joe Morrow 40 1 2 2
Last Minutes Offensive
Center Left Wing Right Wing Defense Defense
Martin Hanzal Blake Pietila Alexandre Grenier Jamie Oleksiak Damon Severson
Last Minutes Defensive
Center Left Wing Right Wing Defense Defense
Martin Hanzal Blake Pietila Alexandre Grenier Jamie Oleksiak Damon Severson
Goaltenders
Starting : Laurent Brossoit
Backup : Ebbe Siönäs
Extra Forwards
Normal : Austin Wuthrich, Anton Karlsson, Vaclav Karabacek - PP : Austin Wuthrich, Anton Karlsson - PK : Vaclav Karabacek
Extra Defensemen
Normal : Anton Lindholm, Jakub Zboril, Michael Stone - PP : Anton Lindholm - PK : Jakub Zboril, Michael Stone
Penalty Shots
Martin Hanzal, Blake Pietila, Alexandre Grenier, Max Friberg, Kyle Rau
Scratches
Louis Belpedio (Healthy), Kyle Pettit (Healthy), Jeffrey Foss (Bruised Right Shoulder Injury)
% Time on Ice - Little Stars
Lines # - Real PCT - Wanted PCT - Time Play
Normal Forward
1 - 32% - 40% - 13:47
2 - 30% - 30% - 13:15
3 - 25% - 20% - 10:54
4 - 13% - 10% - 5:45
Normal Defense
1 - 39% - 40% - 17:00
2 - 33% - 30% - 14:13
3 - 27% - 20% - 11:54
4 - 1% - 10% - 0:34
PP Forward
1 - 54% - 60% - 6:36
2 - 46% - 40% - 5:36
PP Defense
1 - 55% - 60% - 6:40
2 - 45% - 40% - 5:32
PK Forward
1 - 94% - 60% - 3:51
2 - 6% - 40% - 0:16
PK Defense
1 - 62% - 60% - 2:33
2 - 38% - 40% - 1:34
PK3 Forward
1 - 0% - 60%
2 - 0% - 40%
PK3 Defense
1 - 0% - 60%
2 - 0% - 40%
44 Forward
1 - 0% - 60%
2 - 0% - 40%
44 Defense
1 - 0% - 60%
2 - 0% - 40%
Last Minute Offensive - 0:00
Last Minute Defensive - 0:00
Total
Forward - 60:00
Defense - 60:00
|
% Time on Ice - Rampage
Lines # - Real PCT - Wanted PCT - Time Play
Normal Forward
1 - 32% - 40% - 14:06
2 - 29% - 30% - 12:38
3 - 24% - 20% - 10:31
4 - 15% - 10% - 6:26
Normal Defense
1 - 42% - 40% - 18:24
2 - 31% - 30% - 13:26
3 - 27% - 20% - 11:37
4 - 1% - 10% - 0:14
PP Forward
1 - 53% - 60% - 2:10
2 - 47% - 40% - 1:57
PP Defense
1 - 58% - 60% - 2:24
2 - 42% - 40% - 1:43
PK Forward
1 - 71% - 60% - 8:38
2 - 29% - 40% - 3:28
PK Defense
1 - 59% - 60% - 7:09
2 - 41% - 40% - 4:57
PK3 Forward
1 - 100% - 60% - 0:06
2 - 0% - 40% - 0:00
PK3 Defense
1 - 100% - 60% - 0:06
2 - 0% - 40% - 0:00
44 Forward
1 - 0% - 60%
2 - 0% - 40%
44 Defense
1 - 0% - 60%
2 - 0% - 40%
Last Minute Offensive - 0:00
Last Minute Defensive - 0:00
Total
Forward - 60:00
Defense - 60:00
|
Play-by-Play
1st period
0:01 of 1st period - Dana Tyrell wins face-off versus Martin Hanzal in neutral zone.
1:13 of 1st period - Slapshot by Michael Stone.
1:13 of 1st period - Deflect By Victor Olofsson.
1:13 of 1st period - Shot Misses the Net.
1:13 of 1st period - Puck is out of play.
1:14 of 1st period - Matthew Highmore wins face-off versus Evgeny Kuznetsov in Little Stars zone.
1:48 of 1st period - Wrist shot by Adam Tambellini.
1:48 of 1st period - Deflect By Ilya Mikheyev.
1:48 of 1st period - Stopped by Laurent Brossoit with a rebound.
2:02 of 1st period - Slapshot by Joakim Nygard.
2:02 of 1st period - Shot Blocked by Anton Lindholm.
2:38 of 1st period - Tyler Wotherspoon is hit by Nolan Vesey and loses puck.
2:45 of 1st period - Michael Stone is hit by Patrick Wiercioch and loses puck.
3:45 of 1st period - Off-side.
3:46 of 1st period - Cameron Darcy wins face-off versus Roman Horak in neutral zone.
3:51 of 1st period - Wrist shot by Joe Morrow.
3:51 of 1st period - Shot Blocked by Anton Cederholm.
4:24 of 1st period - Slapshot by Dana Tyrell.
4:24 of 1st period - Stopped by Laurent Brossoit without a rebound.
4:25 of 1st period - Kyle Rau wins face-off versus Daniel O'regan in Rampage zone.
4:27 of 1st period - Minor Penalty to Jamie Oleksiak for Tripping.
4:28 of 1st period - Dana Tyrell wins face-off versus Martin Hanzal in Rampage zone.
4:37 of 1st period - Slapshot by Evgeny Kuznetsov.
4:37 of 1st period - Shot Blocked by Damon Severson.
5:29 of 1st period - Blake Pietila is hit by Eric Knodel and loses puck.
5:52 of 1st period - Jesse Joensuu is hit by Vaclav Karabacek and loses puck.
6:27 of 1st period - Penalty to Jamie Oleksiak is over, Jamie Oleksiak is back on ice.
6:30 of 1st period - Alexandre Grenier is hit by Eric Knodel.
6:36 of 1st period - Wrist shot by Joakim Nygard.
6:36 of 1st period - Deflect By Zach Budish.
6:36 of 1st period - Shot Blocked by Alexandre Grenier.
6:36 of 1st period - Puck is out of play.
6:37 of 1st period - Roman Horak wins face-off versus Cameron Darcy in Rampage zone.
7:12 of 1st period - Slapshot by Damon Severson.
7:12 of 1st period - Shot Misses the Net.
7:18 of 1st period - Snap shot by Adam Tambellini.
7:18 of 1st period - Shot Blocked by Jamie Oleksiak.
7:20 of 1st period - Wrist shot by Tucker Poolman.
7:20 of 1st period - Deflect By Adam Tambellini.
7:20 of 1st period - Stopped by Laurent Brossoit with a rebound.
7:22 of 1st period - Backhand shot by Tucker Poolman.
7:22 of 1st period - Stopped by Laurent Brossoit without a rebound.
7:23 of 1st period - Dana Tyrell wins face-off versus Kyle Rau in Rampage zone.
8:19 of 1st period - Slapshot by Daniel O'regan.
8:19 of 1st period - Goal by Daniel O'regan - Little Stars : 1 - Rampage : 0.
8:20 of 1st period - Dana Tyrell wins face-off versus Martin Hanzal in neutral zone.
8:47 of 1st period - Snap shot by Roman Horak.
8:47 of 1st period - Stopped by Laurent Brossoit without a rebound.
8:48 of 1st period - Cameron Darcy wins face-off versus Roman Horak in Rampage zone.
8:50 of 1st period - Icing by Michael Stone.
8:51 of 1st period - Roman Horak wins face-off versus Nolan Vesey in Rampage zone.
9:02 of 1st period - Wrist shot by Thomas Spelling.
9:02 of 1st period - Stopped by Connor Knapp without a rebound.
9:03 of 1st period - Martin Hanzal wins face-off versus Dana Tyrell in Little Stars zone.
9:06 of 1st period - Snap shot by Blake Pietila.
9:06 of 1st period - Shot Misses the Net.
9:10 of 1st period - Snap shot by Alexandre Grenier.
9:10 of 1st period - Goal by Alexandre Grenier - Little Stars : 1 - Rampage : 1.
9:11 of 1st period - Dana Tyrell wins face-off versus Martin Hanzal in neutral zone.
9:13 of 1st period - Minor Penalty to Patrick Wiercioch for Roughing.
9:14 of 1st period - Martin Hanzal wins face-off versus Dana Tyrell in Little Stars zone.
9:16 of 1st period - Slapshot by Martin Hanzal.
9:16 of 1st period - Stopped by Connor Knapp with a rebound.
9:18 of 1st period - Snap shot by Martin Hanzal.
9:18 of 1st period - Deflect By Alexandre Grenier.
9:18 of 1st period - Stopped by Connor Knapp with a rebound.
9:20 of 1st period - Snap shot by Alexandre Grenier.
9:20 of 1st period - Shot Misses the Net.
9:22 of 1st period - Slapshot by Jamie Oleksiak.
9:22 of 1st period - Deflect By Jesse Joensuu.
9:22 of 1st period - Goal by Jamie Oleksiak - Little Stars : 1 - Rampage : 2.
9:23 of 1st period - Blake Pietila wins face-off versus Dana Tyrell in neutral zone.
9:28 of 1st period - Wrist shot by Blake Pietila.
9:28 of 1st period - Stopped by Connor Knapp with a rebound.
9:30 of 1st period - Snap shot by Martin Hanzal.
9:30 of 1st period - Deflect By Alexandre Grenier.
9:30 of 1st period - Shot Misses the Net.
9:30 of 1st period - Puck is out of play.
9:31 of 1st period - Dana Tyrell wins face-off versus Martin Hanzal in Little Stars zone.
10:23 of 1st period - Minor Penalty to Blake Pietila for Hooking.
10:24 of 1st period - Martin Hanzal wins face-off versus Daniel O'regan in Rampage zone.
12:23 of 1st period - Penalty to Blake Pietila is over, Blake Pietila is back on ice.
12:44 of 1st period - Wrist shot by Cameron Darcy.
12:44 of 1st period - Shot Blocked by Patrick Wiercioch.
12:46 of 1st period - Slapshot by Jakub Zboril.
12:46 of 1st period - Deflect By Cameron Darcy.
12:46 of 1st period - Stopped by Connor Knapp without a rebound.
12:47 of 1st period - Matthew Highmore wins face-off versus Roman Horak in Little Stars zone.
13:35 of 1st period - Wrist shot by Dana Tyrell.
13:35 of 1st period - Stopped by Laurent Brossoit without a rebound.
13:36 of 1st period - Kyle Rau wins face-off versus Dana Tyrell in Rampage zone.
13:36 of 1st period - Kyle Rau is hit by Jesse Joensuu.
14:04 of 1st period - Snap shot by Jesse Joensuu.
14:04 of 1st period - Goal by Jesse Joensuu - Little Stars : 2 - Rampage : 2.
14:05 of 1st period - Adam Tambellini wins face-off versus Blake Pietila in neutral zone.
14:21 of 1st period - Wrist shot by Alexandre Grenier.
14:21 of 1st period - Shot Misses the Net.
14:32 of 1st period - Minor Penalty to Jesse Joensuu for Tripping.
14:33 of 1st period - Martin Hanzal wins face-off versus Dana Tyrell in Little Stars zone.
14:46 of 1st period - Slapshot by Jamie Oleksiak.
14:46 of 1st period - Shot Blocked by Tyler Wotherspoon.
14:48 of 1st period - Slapshot by Blake Pietila.
14:48 of 1st period - Stopped by Connor Knapp with a rebound.
14:50 of 1st period - Snap shot by Martin Hanzal.
14:50 of 1st period - Stopped by Connor Knapp with a rebound.
15:10 of 1st period - Slapshot by Damon Severson.
15:10 of 1st period - Stopped by Connor Knapp with a rebound.
16:13 of 1st period - Icing by Joe Morrow.
16:14 of 1st period - Evgeny Kuznetsov wins face-off versus Kyle Rau in Rampage zone.
16:29 of 1st period - Alexandre Grenier is hit by Dana Tyrell and loses puck.
16:32 of 1st period - Penalty to Jesse Joensuu is over, Jesse Joensuu is back on ice.
16:49 of 1st period - Daniel O'regan is hit by Cameron Darcy and loses puck.
17:29 of 1st period - Off-side.
17:30 of 1st period - Kyle Rau wins face-off versus Roman Horak in neutral zone.
17:33 of 1st period - Patrick Wiercioch is hit by Max Friberg and loses puck.
19:42 of 1st period - Slapshot by Martin Hanzal.
19:42 of 1st period - Deflect By Alexandre Grenier.
19:42 of 1st period - Shot Misses the Net.
19:42 of 1st period - Puck is out of play.
19:43 of 1st period - Daniel O'regan wins face-off versus Martin Hanzal in Little Stars zone.
19:48 of 1st period - Snap shot by Martin Hanzal.
19:48 of 1st period - Stopped by Connor Knapp with a rebound.
19:54 of 1st period - Snap shot by Blake Pietila.
19:54 of 1st period - Goal by Blake Pietila - Little Stars : 2 - Rampage : 3.
19:55 of 1st period - Martin Hanzal wins face-off versus Dana Tyrell in neutral zone.
Goals for this period are 2 for Little Stars vs 3 for Rampage.
Shots for this period are 8 for Little Stars vs 12 for Rampage.
2nd period
0:01 of 2nd period - Dana Tyrell wins face-off versus Martin Hanzal in neutral zone.
0:14 of 2nd period - Snap shot by Dana Tyrell.
0:14 of 2nd period - Stopped by Laurent Brossoit without a rebound.
0:15 of 2nd period - Kyle Rau wins face-off versus Daniel O'regan in Rampage zone.
1:13 of 2nd period - Wrist shot by Thomas Spelling.
1:13 of 2nd period - Stopped by Connor Knapp without a rebound.
1:14 of 2nd period - Kyle Rau wins face-off versus Dana Tyrell in Little Stars zone.
1:17 of 2nd period - Snap shot by Max Friberg.
1:17 of 2nd period - Deflect By Eric Knodel.
1:17 of 2nd period - Stopped by Connor Knapp with a rebound.
1:27 of 2nd period - Snap shot by Max Friberg.
1:27 of 2nd period - Goal by Max Friberg - Little Stars : 2 - Rampage : 4.
1:27 of 2nd period - Dustin Tokarski enters game.
1:28 of 2nd period - Martin Hanzal wins face-off versus Daniel O'regan in neutral zone.
1:31 of 2nd period - Anton Cederholm is hit by Martin Hanzal and loses puck.
1:58 of 2nd period - Snap shot by Dana Tyrell.
1:58 of 2nd period - Shot Misses the Net.
2:21 of 2nd period - Icing by Jamie Oleksiak.
2:22 of 2nd period - Daniel O'regan wins face-off versus Cameron Darcy in Rampage zone.
2:29 of 2nd period - Slapshot by Ilya Mikheyev.
2:29 of 2nd period - Shot Misses the Net.
2:31 of 2nd period - Snap shot by Adam Tambellini.
2:31 of 2nd period - Stopped by Laurent Brossoit without a rebound.
2:32 of 2nd period - Daniel O'regan wins face-off versus Martin Hanzal in Rampage zone.
2:35 of 2nd period - Snap shot by Ilya Mikheyev.
2:35 of 2nd period - Stopped by Laurent Brossoit with a rebound.
2:37 of 2nd period - Slapshot by Patrick Wiercioch.
2:37 of 2nd period - Stopped by Laurent Brossoit with a rebound.
3:17 of 2nd period - Slapshot by Thomas Spelling.
3:17 of 2nd period - Stopped by Dustin Tokarski with a rebound.
3:31 of 2nd period - Slapshot by Jesse Joensuu.
3:31 of 2nd period - Shot Misses the Net.
3:33 of 2nd period - Snap shot by Tyler Wotherspoon.
3:33 of 2nd period - Stopped by Laurent Brossoit without a rebound.
3:34 of 2nd period - Dana Tyrell wins face-off versus Martin Hanzal in Rampage zone.
3:38 of 2nd period - Minor Penalty to Alexandre Grenier for Hooking.
3:39 of 2nd period - Martin Hanzal wins face-off versus Evgeny Kuznetsov in Rampage zone.
5:04 of 2nd period - Icing by Tyler Wotherspoon.
5:05 of 2nd period - Daniel O'regan wins face-off versus Kyle Rau in Little Stars zone.
5:38 of 2nd period - Penalty to Alexandre Grenier is over, Alexandre Grenier is back on ice.
5:52 of 2nd period - Snap shot by Joakim Nygard.
5:52 of 2nd period - Stopped by Laurent Brossoit without a rebound.
5:53 of 2nd period - Roman Horak wins face-off versus Cameron Darcy in Rampage zone.
6:08 of 2nd period - Wrist shot by Thomas Spelling.
6:08 of 2nd period - Shot Misses the Net.
6:27 of 2nd period - Snap shot by Kyle Rau.
6:27 of 2nd period - Shot Blocked by Patrick Wiercioch.
7:07 of 2nd period - Wrist shot by Joakim Nygard.
7:07 of 2nd period - Shot Blocked by Jakub Zboril.
7:19 of 2nd period - Zach Budish is hit by Nolan Vesey and loses puck.
8:31 of 2nd period - Jamie Oleksiak is hit by Jesse Joensuu.
9:04 of 2nd period - Slapshot by Jesse Joensuu.
9:04 of 2nd period - Stopped by Laurent Brossoit with a rebound.
9:06 of 2nd period - Wrist shot by Dana Tyrell.
9:06 of 2nd period - Deflect By Evgeny Kuznetsov.
9:06 of 2nd period - Stopped by Laurent Brossoit without a rebound.
9:07 of 2nd period - Kyle Rau wins face-off versus Daniel O'regan in Rampage zone.
10:43 of 2nd period - Anton Lindholm is hit by Roman Horak and loses puck.
11:02 of 2nd period - Wrist shot by Kyle Rau.
11:02 of 2nd period - Shot Misses the Net.
11:04 of 2nd period - Wrist shot by Blake Pietila.
11:04 of 2nd period - Deflect By Jesse Joensuu.
11:04 of 2nd period - Stopped by Dustin Tokarski with a rebound.
11:06 of 2nd period - Slapshot by Anton Lindholm.
11:06 of 2nd period - Stopped by Dustin Tokarski with a rebound.
11:08 of 2nd period - Snap shot by Blake Pietila.
11:08 of 2nd period - Stopped by Dustin Tokarski with a rebound.
11:32 of 2nd period - Minor Penalty to Thomas Spelling for Tripping.
11:33 of 2nd period - Martin Hanzal wins face-off versus Daniel O'regan in Rampage zone.
11:48 of 2nd period - Wrist shot by Ilya Mikheyev.
11:48 of 2nd period - Shot Misses the Net.
11:50 of 2nd period - Minor Penalty to Martin Hanzal for Tripping.
11:51 of 2nd period - Vaclav Karabacek wins face-off versus Dana Tyrell in Rampage zone.
11:56 of 2nd period - Wrist shot by Dana Tyrell.
11:56 of 2nd period - Goal by Dana Tyrell - Little Stars : 3 - Rampage : 4.
11:57 of 2nd period - Vaclav Karabacek wins face-off versus Dana Tyrell in neutral zone.
12:08 of 2nd period - Wrist shot by Evgeny Kuznetsov.
12:08 of 2nd period - Shot Blocked by Damon Severson.
12:10 of 2nd period - Slapshot by Tyler Wotherspoon.
12:10 of 2nd period - Stopped by Laurent Brossoit with a rebound.
12:12 of 2nd period - Backhand shot by Evgeny Kuznetsov.
12:12 of 2nd period - Stopped by Laurent Brossoit without a rebound.
12:13 of 2nd period - Dana Tyrell wins face-off versus Vaclav Karabacek in Rampage zone.
12:16 of 2nd period - Wrist shot by Dana Tyrell.
12:16 of 2nd period - Stopped by Laurent Brossoit without a rebound.
12:17 of 2nd period - Vaclav Karabacek wins face-off versus Dana Tyrell in Rampage zone.
13:35 of 2nd period - Ilya Mikheyev is hit by Damon Severson and loses puck.
13:50 of 2nd period - Penalty to Martin Hanzal is over, Martin Hanzal is back on ice.
14:08 of 2nd period - Snap shot by Roman Horak.
14:08 of 2nd period - Stopped by Laurent Brossoit without a rebound.
14:09 of 2nd period - Matthew Highmore wins face-off versus Roman Horak in Rampage zone.
14:23 of 2nd period - Off-side.
14:24 of 2nd period - Dana Tyrell wins face-off versus Martin Hanzal in neutral zone.
15:37 of 2nd period - Snap shot by Martin Hanzal.
15:37 of 2nd period - Shot Misses the Net.
15:39 of 2nd period - Snap shot by Joe Morrow.
15:39 of 2nd period - Stopped by Dustin Tokarski with a rebound.
15:41 of 2nd period - Snap shot by Alexandre Grenier.
15:41 of 2nd period - Shot Blocked by Michael Mersch.
15:43 of 2nd period - Slapshot by Michael Stone.
15:43 of 2nd period - Stopped by Dustin Tokarski with a rebound.
15:53 of 2nd period - Anton Lindholm is hit by Eric Knodel and loses puck.
16:21 of 2nd period - Tucker Poolman is hit by Lawson Crouse and loses puck.
16:43 of 2nd period - Wrist shot by Joakim Nygard.
16:43 of 2nd period - Stopped by Laurent Brossoit with a rebound.
16:45 of 2nd period - Wrist shot by Joakim Nygard.
16:45 of 2nd period - Stopped by Laurent Brossoit with a rebound.
17:14 of 2nd period - Slapshot by Damon Severson.
17:14 of 2nd period - Shot Misses the Net.
17:16 of 2nd period - Snap shot by Victor Olofsson.
17:16 of 2nd period - Shot Misses the Net.
17:18 of 2nd period - Slapshot by Victor Olofsson.
17:18 of 2nd period - Goal by Victor Olofsson - Little Stars : 3 - Rampage : 5.
17:19 of 2nd period - Daniel O'regan wins face-off versus Martin Hanzal in neutral zone.
17:22 of 2nd period - Slapshot by Tyler Wotherspoon.
17:22 of 2nd period - Stopped by Laurent Brossoit with a rebound.
17:46 of 2nd period - Icing by Patrick Wiercioch.
17:47 of 2nd period - Kyle Rau wins face-off versus Jesse Joensuu in Little Stars zone.
18:00 of 2nd period - Damon Severson is hit by Jesse Joensuu and loses puck.
19:02 of 2nd period - Icing by Michael Stone.
19:03 of 2nd period - Kyle Rau wins face-off versus Daniel O'regan in Rampage zone.
19:03 of 2nd period - Kyle Rau is hit by Ilya Mikheyev.
19:53 of 2nd period - Snap shot by Max Friberg.
19:53 of 2nd period - Stopped by Dustin Tokarski with a rebound.
19:57 of 2nd period - Snap shot by Kyle Rau.
19:57 of 2nd period - Goal by Kyle Rau - Little Stars : 3 - Rampage : 6.
19:58 of 2nd period - Dana Tyrell wins face-off versus Martin Hanzal in neutral zone.
Goals for this period are 1 for Little Stars vs 3 for Rampage.
Shots for this period are 16 for Little Stars vs 12 for Rampage.
3rd period
0:01 of 3rd period - Dana Tyrell wins face-off versus Martin Hanzal in neutral zone.
1:09 of 3rd period - Matthew Highmore is hit by Michael Mersch and loses puck.
2:03 of 3rd period - Wrist shot by Thomas Spelling.
2:03 of 3rd period - Deflect By Tucker Poolman.
2:03 of 3rd period - Stopped by Dustin Tokarski without a rebound.
2:04 of 3rd period - Roman Horak wins face-off versus Cameron Darcy in Little Stars zone.
2:09 of 3rd period - Snap shot by Eric Knodel.
2:09 of 3rd period - Deflect By Joakim Nygard.
2:09 of 3rd period - Deflect By Thomas Spelling.
2:09 of 3rd period - Goal by Joakim Nygard - Little Stars : 4 - Rampage : 6.
2:10 of 3rd period - Dana Tyrell wins face-off versus Martin Hanzal in neutral zone.
2:23 of 3rd period - Slapshot by Evgeny Kuznetsov.
2:23 of 3rd period - Stopped by Laurent Brossoit without a rebound.
2:24 of 3rd period - Dana Tyrell wins face-off versus Martin Hanzal in Rampage zone.
2:28 of 3rd period - Minor Penalty to Blake Pietila for Slashing.
2:29 of 3rd period - Martin Hanzal wins face-off versus Dana Tyrell in Rampage zone.
2:55 of 3rd period - Jamie Oleksiak is hit by Adam Tambellini and loses puck.
4:28 of 3rd period - Penalty to Blake Pietila is over, Blake Pietila is back on ice.
4:47 of 3rd period - Wrist shot by Nolan Vesey.
4:47 of 3rd period - Stopped by Dustin Tokarski without a rebound.
4:48 of 3rd period - Michael Mersch wins face-off versus Cameron Darcy in Little Stars zone.
5:33 of 3rd period - Icing by Daniel O'regan.
5:34 of 3rd period - Daniel O'regan wins face-off versus Matthew Highmore in Little Stars zone.
5:49 of 3rd period - Snap shot by Victor Olofsson.
5:49 of 3rd period - Shot Hit the Post.
6:24 of 3rd period - Slapshot by Joakim Nygard.
6:24 of 3rd period - Deflect By Roman Horak.
6:24 of 3rd period - Stopped by Laurent Brossoit with a rebound.
6:26 of 3rd period - Slapshot by Tucker Poolman.
6:26 of 3rd period - Stopped by Laurent Brossoit with a rebound.
6:28 of 3rd period - Snap shot by Roman Horak.
6:28 of 3rd period - Shot Misses the Net.
6:30 of 3rd period - Slapshot by Tucker Poolman.
6:30 of 3rd period - Shot Misses the Net.
6:32 of 3rd period - Slapshot by Joakim Nygard.
6:32 of 3rd period - Shot Blocked by Jamie Oleksiak.
6:57 of 3rd period - Off-side.
6:58 of 3rd period - Matthew Highmore wins face-off versus Daniel O'regan in neutral zone.
7:00 of 3rd period - Off-side.
7:01 of 3rd period - Matthew Highmore wins face-off versus Daniel O'regan in neutral zone.
7:09 of 3rd period - Slapshot by Joe Morrow.
7:09 of 3rd period - Stopped by Dustin Tokarski with a rebound.
7:25 of 3rd period - Wrist shot by Ilya Mikheyev.
7:25 of 3rd period - Shot Misses the Net.
7:31 of 3rd period - Snap shot by Joe Morrow.
7:31 of 3rd period - Shot Misses the Net.
7:33 of 3rd period - Slapshot by Joe Morrow.
7:33 of 3rd period - Stopped by Dustin Tokarski with a rebound.
7:35 of 3rd period - Snap shot by Martin Hanzal.
7:35 of 3rd period - Stopped by Dustin Tokarski with a rebound.
7:45 of 3rd period - Slapshot by Thomas Spelling.
7:45 of 3rd period - Shot Misses the Net.
8:03 of 3rd period - Damon Severson is hit by Ilya Mikheyev and loses puck.
8:10 of 3rd period - Wrist shot by Daniel O'regan.
8:10 of 3rd period - Stopped by Laurent Brossoit with a rebound.
8:22 of 3rd period - Wrist shot by Nolan Vesey.
8:22 of 3rd period - Goal by Nolan Vesey - Little Stars : 4 - Rampage : 7.
8:23 of 3rd period - Dana Tyrell wins face-off versus Blake Pietila in neutral zone.
8:37 of 3rd period - Minor Penalty to Jesse Joensuu for Hooking.
8:38 of 3rd period - Martin Hanzal wins face-off versus Dana Tyrell in Little Stars zone.
9:15 of 3rd period - Snap shot by Jamie Oleksiak.
9:15 of 3rd period - Stopped by Dustin Tokarski with a rebound.
9:19 of 3rd period - Snap shot by Kyle Rau.
9:19 of 3rd period - Shot Misses the Net.
9:48 of 3rd period - Icing by Joe Morrow.
9:49 of 3rd period - Daniel O'regan wins face-off versus Kyle Rau in Rampage zone.
9:54 of 3rd period - Wrist shot by Michael Mersch.
9:54 of 3rd period - Shot Blocked by Joe Morrow.
9:57 of 3rd period - Icing by Joe Morrow.
9:58 of 3rd period - Kyle Rau wins face-off versus Dana Tyrell in Rampage zone.
10:37 of 3rd period - Penalty to Jesse Joensuu is over, Jesse Joensuu is back on ice.
10:53 of 3rd period - Wrist shot by Nolan Vesey.
10:53 of 3rd period - Shot Blocked by Evgeny Kuznetsov.
11:11 of 3rd period - Slapshot by Ilya Mikheyev.
11:11 of 3rd period - Stopped by Laurent Brossoit with a rebound.
11:13 of 3rd period - Snap shot by Daniel O'regan.
11:13 of 3rd period - Shot Blocked by Joe Morrow.
11:15 of 3rd period - Wrist shot by Ilya Mikheyev.
11:15 of 3rd period - Shot Misses the Net.
11:24 of 3rd period - Off-side.
11:25 of 3rd period - Martin Hanzal wins face-off versus Roman Horak in neutral zone.
12:23 of 3rd period - Snap shot by Adam Tambellini.
12:23 of 3rd period - Deflect By Daniel O'regan.
12:23 of 3rd period - Shot Blocked by Damon Severson.
12:23 of 3rd period - Puck is out of play.
12:24 of 3rd period - Martin Hanzal wins face-off versus Dana Tyrell in Rampage zone.
12:24 of 3rd period - Martin Hanzal is hit by Tucker Poolman.
12:36 of 3rd period - Damon Severson is hit by Jesse Joensuu and loses puck.
12:51 of 3rd period - Kyle Rau is hit by Roman Horak and loses puck.
13:14 of 3rd period - Minor Penalty to Max Friberg for Interference.
13:15 of 3rd period - Martin Hanzal wins face-off versus Dana Tyrell in Rampage zone.
15:14 of 3rd period - Penalty to Max Friberg is over, Max Friberg is back on ice.
15:19 of 3rd period - Icing by Daniel O'regan.
15:20 of 3rd period - Kyle Rau wins face-off versus Daniel O'regan in Little Stars zone.
15:23 of 3rd period - Snap shot by Kyle Rau.
15:23 of 3rd period - Stopped by Dustin Tokarski with a rebound.
15:25 of 3rd period - Slapshot by Anton Lindholm.
15:25 of 3rd period - Stopped by Dustin Tokarski with a rebound.
15:27 of 3rd period - Wrist shot by Lawson Crouse.
15:27 of 3rd period - Stopped by Dustin Tokarski with a rebound.
15:45 of 3rd period - Anton Cederholm is hit by Nolan Vesey and loses puck.
16:11 of 3rd period - Zach Budish is hit by Michael Stone and loses puck.
16:39 of 3rd period - Michael Mersch is hit by Blake Pietila.
16:48 of 3rd period - Tucker Poolman is hit by Jakub Zboril and loses puck.
16:55 of 3rd period - Snap shot by Michael Mersch.
16:55 of 3rd period - Stopped by Laurent Brossoit with a rebound.
16:57 of 3rd period - Snap shot by Evgeny Kuznetsov.
16:57 of 3rd period - Shot Misses the Net.
16:59 of 3rd period - Snap shot by Evgeny Kuznetsov.
16:59 of 3rd period - Stopped by Laurent Brossoit without a rebound.
17:00 of 3rd period - Daniel O'regan wins face-off versus Cameron Darcy in Rampage zone.
17:01 of 3rd period - Slapshot by Ilya Mikheyev.
17:01 of 3rd period - Goal by Ilya Mikheyev - Little Stars : 5 - Rampage : 7.
17:02 of 3rd period - Roman Horak wins face-off versus Cameron Darcy in neutral zone.
17:30 of 3rd period - Wrist shot by Joakim Nygard.
17:30 of 3rd period - Shot Misses the Net.
18:22 of 3rd period - Icing by Joe Morrow.
18:23 of 3rd period - Martin Hanzal wins face-off versus Roman Horak in Rampage zone.
18:28 of 3rd period - Backhand shot by Alexandre Grenier.
18:28 of 3rd period - Stopped by Dustin Tokarski without a rebound.
18:29 of 3rd period - Roman Horak wins face-off versus Cameron Darcy in Little Stars zone.
18:56 of 3rd period - Anton Cederholm is hit by Eric Robinson and loses puck.
19:17 of 3rd period - Slapshot by Damon Severson.
19:17 of 3rd period - Stopped by Dustin Tokarski with a rebound.
19:37 of 3rd period - Reece Willcox is hit by Jamie Oleksiak and loses puck.
Goals for this period are 2 for Little Stars vs 1 for Rampage.
Shots for this period are 9 for Little Stars vs 12 for Rampage.